Map: [ESL] Hecate

Players

Solar

  • Race: Zerg Zerg
  • Spawn Location: 7:00

Reynor - Winner!

  • Race: Protoss Protoss
  • Spawn Location: 1:00

Event: ESL SC2 Masters 2023 Winter (Finals)

VOD

Have the link to the VOD?

Description

Time

  • Played on: Dec. 15, 2023, 7:08 p.m.
  • Length: 16:25

All games in this series

Show
View Real Time Build Order
Export as new Build Order

Solar Zerg 

Build Orders: Hatch First 

Get SALT Encoding   

  12  0:00  Drone  
  13  0:12  Overlord  
  13  0:17  Drone  
  14  0:35  Drone x2  
  16  0:38  Drone  
  17  0:54  Hatchery  
  17  0:56  Drone  
  17  0:58  Drone  
  18  1:11  Extractor  
  17  1:14  Spawning Pool  
  17  1:17  Drone  
  17  1:20  Drone  
  18  1:30  Drone  
  19  1:41  Drone  
  20  1:50  Overlord  
  20  2:01  Queen  
  20  2:05  Queen  
  20  2:06  Zergling x4  
  26  2:14  Drone, Metabolic Boost  
  27  2:17  Drone  
  28  2:26  Drone  
  28  2:27  Drone  
  30  2:38  Drone  
  30  2:39  Hatchery  
  30  2:46  Queen  
  30  2:50  Overlord  
  32  2:53  Drone  
  32  2:54  Drone  
  34  3:00  Drone  
  34  3:01  Drone  
  36  3:08  Queen  
  36  3:10  Drone x2  
  36  3:11  Drone  
  41  3:15  Overlord  
  41  3:19  Drone  
  42  3:23  Queen  
  44  3:27  Overlord  
  44  3:35  Drone x3  
  44  3:39  Drone  
  48  3:43  Zergling x8  
  48  3:46  Queen  
  53  3:54  Drone x3, Spore Crawler  
  55  3:58  Queen  
  57  4:03  Evolution Chamber  
  57  4:06  Drone  
  57  4:07  Overlord  
  57  4:09  Overlord  
  57  4:15  Overlord  
  57  4:21  Overlord  
  57  4:25  Overlord  
  57  4:26  Drone x5  
  57  4:30  Spore Crawler  
  61  4:32  Zerg Melee Weapons Level 1  
  61  4:33  Drone  
  61  4:34  Drone  
  61  4:37  Zergling x2, Extractor  
  62  4:42  Drone x2  
  62  4:44  Drone  
  62  4:45  Baneling Nest  
  64  4:47  Drone x2  
  64  4:49  Drone  
  67  4:53  Zergling x4  
  67  4:56  Zergling x6  
  67  4:58  Drone  
  73  5:00  Zergling x2  
  73  5:04  Zergling x8  
  78  5:08  Zergling x4  
  78  5:11  Zergling x4  
  81  5:17  Zergling x6  
  84  5:26  Overlord  
  84  5:27  Zergling x4  
  85  5:37  Baneling x3  
  85  5:38  Baneling x7  
  85  5:39  Zergling x10  
  85  5:42  Hatchery  
  89  5:44  Zergling x6  
  89  5:47  Zergling x6  
  89  5:48  Zergling x2  
  96  5:50  Zergling x2  
  96  5:53  Zergling x2  
  96  5:54  Baneling x4  
  97  5:59  Zergling x8  
  97  6:04  Zergling x8  
  97  6:08  Drone  
  97  6:11  Drone  
  100  6:18  Drone x2  
  87  6:26  Lair  
  87  6:28  Drone x10  
  87  6:30  Drone  
  87  6:32  Roach Warren  
  93  6:35  Zergling x4  
  93  6:39  Drone  
  91  6:40  Roach Warren  
  91  6:42  Extractor x2  
  82  6:47  Zergling x2  
  82  6:48  Zergling x2  
  82  6:53  Extractor  
  82  6:56  Drone  
  82  6:57  Drone  
  82  6:58  Drone x2  
  82  6:59  Drone x3  
  89  7:01  Overlord x2  
  89  7:05  Drone x5  
  93  7:10  Zerg Missile Weapons Level 1  
  93  7:13  Zergling x6  
  96  7:16  Overlord  
  96  7:21  Roach x2  
  102  7:23  Roach x3  
  102  7:25  Centrifugal Hooks  
  102  7:26  Zergling x16  
  102  7:29  Glial Reconstitution  
  112  7:31  Drone  
  112  7:36  Roach x2  
  116  7:37  Overlord  
  116  7:40  Roach x2  
  120  7:44  Roach  
  120  7:47  Drone, Overlord  
  120  7:50  Roach x3  
  129  7:52  Roach x3  
  129  7:53  Overlord  
  129  7:54  Zergling x2  
  136  7:59  Zergling x10  
  136  8:00  Overlord  
  140  8:06  Zergling x6  
  140  8:08  Zergling x2  
  140  8:11  Zergling x4  
  146  8:15  Overseer, Roach  
  146  8:19  Overlord  
  148  8:21  Zergling x14  
  148  8:24  Baneling x13  
  148  8:25  Baneling  
  155  8:29  Zergling x6  
  155  8:33  Zergling x8  
  162  8:36  Roach x2  
  162  8:37  Zergling x2  
  167  8:41  Zergling x2  
  167  8:44  Zergling x4  
  167  8:46  Baneling x16  
  170  8:52  Zergling x10  
  170  8:55  Zergling x4  
  175  8:58  Overlord  
  175  9:02  Roach x2  
  174  9:05  Roach  
  170  9:10  Infestation Pit  
  170  9:11  Drone x3  
  170  9:13  Drone x2  
  170  9:15  Drone  
  170  9:16  Zerg Melee Weapons Level 2  
  175  9:17  Extractor  
  175  9:19  Overlord  
  175  9:21  Ravager  
  175  9:22  Hatchery, Ravager  
  175  9:23  Ravager  
  176  9:26  Zergling x6  
  176  9:27  Zergling x8  
  177  9:31  Zergling x2  
  177  9:32  Zergling x8  
  177  9:33  Zergling x4  
  179  9:40  Baneling x9  
  179  9:44  Extractor  
  179  9:45  Zergling x14  
  185  9:48  Overlord  
  185  9:51  Hive  
  185  9:59  Zergling x14  
  177  10:08  Drone x4  
  177  10:11  Drone  
  177  10:12  Drone  
  182  10:15  Baneling x3  
  182  10:16  Baneling x4  
  182  10:20  Drone  
  182  10:21  Drone  
  184  10:22  Drone x2  
  184  10:24  Zergling x12, Extractor  
  184  10:27  Zergling x4  
  184  10:28  Zergling x2  
  194  10:30  Zergling x4  
  194  10:31  Zergling x2  
  194  10:34  Baneling  
  194  10:35  Baneling x4  
  197  10:39  Zergling x4  
  197  10:42  Baneling x5  
  195  11:03  Overlord  
  195  11:06  Overlord  
  195  11:08  Viper, Overlord  
  195  11:10  Adrenal Glands  
  196  11:17  Viper  
  196  11:18  Viper  
  195  11:25  Zergling x2, Baneling x4, Ravager  
  199  11:33  Spine Crawler  
  199  11:34  Drone  
  199  11:36  Baneling x7  
  199  11:37  Hatchery  
  199  11:39  Ravager  
  199  11:45  Baneling x2  
  196  12:04  Drone x3, Evolution Chamber  
  196  12:05  Zergling x4  
  200  12:14  Baneling x4  
  200  12:22  Ultralisk Cavern  
  198  12:23  Zerg Ground Armor Level 1  
  198  12:24  Zergling x2  
  199  12:32  Baneling x2  
  199  12:39  Zergling x2  
  200  12:51  Zerg Melee Weapons Level 3  
  195  13:06  Zergling x8  
  189  13:16  Zergling x42  
  189  13:17  Zergling x6  
  189  13:19  Zergling x16  
  185  13:20  Chitinous Plating  
  185  13:24  Zergling x18, Ultralisk x2  
  185  13:25  Zergling x4  
  197  13:28  Overlord x2  
  197  13:30  Zergling x14  
  199  13:40  Zergling x14  
  197  13:43  Zergling x8  
  197  13:44  Ravager  
  197  13:47  Zergling x2  
  197  13:48  Zergling x2  
  188  13:54  Ultralisk x2  
  192  13:57  Baneling x18  
  192  13:59  Zergling x6  
  192  14:00  Baneling x11, Ravager x3  
  192  14:02  Ravager  
  199  14:17  Baneling x9  
  195  14:18  Zergling x8  
  194  14:28  Zergling x16  
  182  14:32  Hatchery  
  182  14:35  Viper x2  
  182  14:37  Zergling x22  
  172  14:39  Zergling x4  
  172  14:42  Zergling x2  
  172  14:45  Zergling x2  
  166  14:47  Roach  
  166  14:52  Zergling x4  
  164  14:53  Anabolic Synthesis  
  164  14:59  Ultralisk  
  165  15:02  Zergling x4  
  154  15:08  Zergling x2  
  154  15:09  Zergling x6  
  154  15:11  Zergling x2  
  154  15:12  Baneling  
  156  15:18  Roach, Ravager  
  159  15:24  Zergling x10  
  159  15:26  Zergling x2  
  164  15:29  Zergling x4  
  164  15:32  Zergling x4  
  162  15:35  Zergling x2  
  162  15:36  Zergling x4  
  162  15:41  Zergling x4  
  162  15:42  Zergling x6  
  157  15:46  Baneling x5  
  154  15:50  Zergling x6  
  154  15:52  Zergling x2  
  154  15:53  Zergling x2  
  140  15:57  Zergling x6  
  140  15:59  Zergling x4  
  140  16:00  Zergling x2  
  140  16:03  Roach  
  138  16:05  Zergling x4  
  138  16:07  Zergling x4  
Show
View Real Time Build Order
Export as new Build Order

Reynor Protoss - Winner!

Build Orders: 1 Gate Expand, Oracle Opening, Phoenix Opening 

Get SALT Encoding   

  12  0:00  Probe  
  13  0:12  Probe  
  14  0:17  Pylon  
  14  0:24  Probe  
  15  0:36  Probe (Chrono Boost)  
  15  0:39  Gateway  
  16  0:48  Probe (Chrono Boost)  
  16  0:49  Assimilator  
  17  0:53  Probe (Chrono Boost)  
  18  1:03  Probe  
  19  1:15  Probe  
  20  1:26  Nexus  
  20  1:38  Cybernetics Core  
  20  1:40  Probe  
  20  1:46  Assimilator  
  21  1:52  Probe  
  22  1:55  Pylon  
  22  2:04  Probe  
  23  2:13  Adept (Chrono Boost)  
  25  2:16  Probe  
  25  2:20  Stargate  
  26  2:29  Probe (Chrono Boost)  
  27  2:30  Warp Gate  
  27  2:34  Adept  
  29  2:39  Probe (Chrono Boost)  
  29  2:41  Probe (Chrono Boost)  
  31  2:49  Probe x2 (Chrono Boost)  
  33  2:54  Probe (Chrono Boost)  
  33  2:55  Probe  
  35  3:04  Phoenix (Chrono Boost)  
  38  3:05  Probe  
  38  3:09  Gateway  
  38  3:11  Probe  
  39  3:17  Probe  
  40  3:23  Pylon  
  40  3:24  Oracle (Chrono Boost)  
  40  3:25  Probe  
  44  3:29  Probe  
  45  3:43  Probe x2  
  46  3:54  Nexus, Oracle (Chrono Boost)  
  46  3:55  Probe  
  50  3:59  Probe  
  50  4:00  Pylon  
  51  4:07  Probe  
  52  4:12  Probe  
  53  4:19  Adept  
  53  4:21  Adept  
  53  4:22  Probe  
  58  4:26  Assimilator, Twilight Council, Pylon  
  58  4:27  Probe  
  59  4:34  Assimilator, Probe  
  60  4:40  Gateway  
  60  4:41  Probe  
  60  4:42  Gateway  
  61  4:49  Stalker  
  61  4:50  Stalker  
  61  4:51  Probe  
  66  4:54  Pylon  
  66  4:55  Probe  
  67  5:01  Blink (Chrono Boost)  
  67  5:02  Shield Battery  
  67  5:03  Probe  
  68  5:07  Probe  
  68  5:08  Probe  
  69  5:15  Probe  
  69  5:19  Probe  
  71  5:23  Probe  
  71  5:24  Stalker  
  71  5:25  Stalker  
  71  5:27  Probe  
  77  5:31  Probe  
  77  5:34  Pylon  
  77  5:35  Probe  
  79  5:38  Robotics Facility  
  79  5:39  Probe  
  80  5:47  Shield Battery, Stalker  
  80  5:48  Shield Battery  
  82  5:50  Pylon  
  82  5:51  Stalker  
  82  5:55  Shield Battery  
  84  6:00  Stalker x2  
  84  6:01  Probe  
  84  6:03  Probe  
  87  6:04  Probe  
  77  6:13  Probe  
  77  6:15  Probe  
  77  6:17  Probe  
  73  6:23  Adept x2  
  73  6:24  Stalker  
  79  6:27  Probe  
  79  6:28  Probe  
  81  6:33  Pylon  
  72  6:40  Stalker  
  72  6:42  Probe  
  72  6:44  Stalker  
  72  6:45  Stalker  
  74  6:54  Stalker, Probe (Chrono Boost)  
  74  6:55  Probe (Chrono Boost)  
  74  7:00  Probe (Chrono Boost)  
  78  7:04  Stalker  
  78  7:05  Probe x2 (Chrono Boost)  
  78  7:07  Gateway  
  83  7:09  Probe x2 (Chrono Boost)  
  83  7:11  Probe  
  83  7:14  Shield Battery, Forge  
  85  7:19  Probe  
  85  7:20  Probe (Chrono Boost)  
  87  7:24  Robotics Bay  
  87  7:25  Probe (Chrono Boost)  
  87  7:26  Pylon  
  88  7:32  Probe x2 (Chrono Boost)  
  91  7:37  Probe (Chrono Boost)  
  91  7:38  Stalker  
  91  7:39  Stalker  
  91  7:41  Protoss Ground Weapons Level 1 (Chrono Boost), Probe x2 (Chrono Boost)  
  91  7:43  Probe (Chrono Boost)  
  98  7:46  Probe (Chrono Boost)  
  98  7:49  Assimilator, Probe  
  100  7:51  Assimilator  
  100  7:59  Probe  
  100  8:02  Nexus  
  100  8:04  Probe  
  102  8:06  Photon Cannon, Pylon  
  102  8:13  Colossus (Chrono Boost)  
  102  8:15  Extended Thermal Lance  
  108  8:24  Photon Cannon, Pylon  
  108  8:26  Shield Battery  
  108  8:30  Stalker x4  
  116  8:35  Photon Cannon  
  116  8:44  Gateway  
  116  8:45  Photon Cannon  
  116  8:48  Shield Battery  
  116  8:51  Pylon  
  116  8:57  Sentry x2  
  116  8:58  Colossus (Chrono Boost)  
  116  8:59  Sentry x2  
  126  9:03  Probe x2  
  128  9:12  Gateway  
  128  9:15  Gateway, Stalker, Pylon  
  130  9:18  Pylon  
  130  9:22  Protoss Ground Weapons Level 2 (Chrono Boost), Pylon  
  130  9:33  Probe x2  
  130  9:37  Stalker x3  
  130  9:38  Stalker x2  
  142  9:41  Colossus (Chrono Boost)  
  148  9:48  Nexus  
  144  10:06  Pylon  
  144  10:10  Templar Archives  
  144  10:12  Pylon  
  144  10:15  Charge  
  144  10:17  Probe x2  
  144  10:18  Probe  
  147  10:22  Photon Cannon  
  147  10:24  Photon Cannon, Shield Battery  
  147  10:27  Observer (Chrono Boost)  
  148  10:29  Probe  
  148  10:31  Photon Cannon  
  148  10:32  Photon Cannon  
  148  10:34  Photon Cannon  
  148  10:35  Shield Battery  
  149  10:37  Stalker  
  151  10:45  Forge  
  150  10:50  Probe x2  
  150  10:54  Probe  
  150  10:56  High Templar  
  155  10:57  High Templar  
  155  10:58  High Templar x2  
  155  11:02  Probe x2  
  155  11:03  Warp Prism  
  165  11:06  Archon, Probe  
  165  11:07  Archon  
  165  11:09  Observer  
  165  11:10  Probe  
  167  11:11  Pylon  
  167  11:12  Assimilator  
  167  11:14  Probe  
  167  11:16  Probe  
  169  11:18  Probe  
  169  11:21  Protoss Shields Level 1 (Chrono Boost)  
  169  11:22  Pylon  
  169  11:24  High Templar x3  
  177  11:25  Probe  
  177  11:26  Probe  
  178  11:35  Assimilator, Archon  
  178  11:40  Pylon  
  178  11:41  Photon Cannon  
  178  11:43  Photon Cannon  
  178  11:44  Shield Battery  
  178  11:48  High Templar  
  180  11:54  Archon  
  180  12:00  Probe x4  
  179  12:07  Pylon  
  179  12:11  Gateway, High Templar x2  
  179  12:12  High Templar x2  
  179  12:14  Gateway  
  187  12:16  Gateway  
  187  12:17  Archon x2  
  187  12:19  Gateway  
  185  12:23  Zealot x2, Protoss Ground Armor Level 1 (Chrono Boost)  
  185  12:24  Zealot, Gateway  
  185  12:27  Gateway  
  190  12:43  Robotics Facility  
  190  12:44  High Templar x2, Pylon  
  190  12:48  Archon  
  194  12:52  Zealot x3  
  194  12:53  Nexus  
  194  12:57  Gateway  
  200  12:59  Gateway  
  200  13:03  Pylon x2  
  200  13:05  Pylon  
  172  13:24  Stalker x5  
  172  13:25  Stalker x2  
  166  13:28  High Templar x2  
  166  13:29  High Templar x2  
  166  13:31  Zealot x3  
  166  13:32  Archon  
  180  13:38  Protoss Shields Level 2 (Chrono Boost)  
  178  13:42  Archon  
  148  13:48  Zealot x2  
  148  13:49  Zealot x5  
  158  13:56  Zealot x3  
  158  13:58  Immortal x2 (Chrono Boost)  
  172  14:04  Photon Cannon, Probe x3  
  172  14:05  Probe  
  172  14:06  Photon Cannon  
  172  14:08  Photon Cannon  
  172  14:09  High Templar x2, Photon Cannon  
  180  14:14  Zealot  
  180  14:15  Zealot x4  
  184  14:21  Archon  
  184  14:23  Probe x2  
  186  14:26  Zealot x3  
  186  14:27  Zealot x2  
  186  14:28  Probe x2  
  186  14:30  Probe  
  153  14:49  Zealot x9  
  153  14:50  Zealot  
  161  14:58  High Templar x2  
  161  14:59  High Templar x2  
  167  15:00  High Templar x2  
  167  15:06  Immortal (Chrono Boost)  
  157  15:14  Archon x3  
  149  15:20  Zealot x4  
  155  15:22  Immortal (Chrono Boost)  
  155  15:25  High Templar x2  
  155  15:27  Probe x3  
  155  15:28  Assimilator, Probe  
  167  15:29  Zealot x2  
  167  15:30  Archon  
  171  15:37  Zealot x3  
  159  15:50  High Templar x2  
  159  15:51  Zealot x6  
  159  15:56  Archon  
  163  15:59  Zealot x4  
  137  16:12  Zealot  
  137  16:13  Zealot x6  
  139  16:19  High Templar x4  
Tags
 
Add a new tag
Caveats
  • Supply blocks, unpowered buildings, or Contaminate may cause inaccurate times.
  • Supply counts are checked every 10 seconds.